 Dungeon Crawl Stone Soup version 0.22.1-2-g9c5b331 (webtiles) character file.

29789 nuthulu the Peltast (level 13, 0/68 HPs)
             Began as a Gargoyle Fighter on Dec 27, 2018.
             Was a High Priest of Okawaru.
             Slain by an eidolon (8 damage)
             ... on level 3 of the Abyss.
             The game lasted 00:39:25 (17570 turns).

nuthulu the Peltast (Gargoyle Fighter)             Turns: 17570, Time: 00:39:25

Health: 0/68       AC: 39    Str: 23    XL:     13   Next: 47%
Magic:  22/22      EV:  7    Int: 12    God:    Okawaru [*****.]
Gold:   759        SH: 19    Dex: 13    Spells: 12/12 levels left

rFire    + . .     SeeInvis +   K - +4 morningstar (protect)
rCold    . . .     Gourm    .   c - +1 shield
rNeg     + + .     Faith    +   r - +0 plate armour
rPois    ∞         Spirit   .   v - +1 hat {Int+3}
rElec    +         Reflect  .   d - +0 cloak
rCorr    .         Harm     .   o - +0 pair of gloves
MR       .....                  L - +2 pair of boots of the Barracuda {rPois MP+9 SInv}
Stlth    ..........             i - amulet of faith
HPRegen  0.21/turn              b - +2 ring of dexterity
MPRegen  0.18/turn              D - ring of positive energy

@: protection aura, slowed, studying Unarmed Combat, drained, very slow
A: large bone plates 1, fire resistance 1, negative energy resistance 1,
electricity resistance, unbreathing, petrification resistance, rot immunity, AC
+9
a: Heroism, Finesse, Renounce Religion


You were on level 3 of the Abyss.
You worshipped Okawaru.
Okawaru was extremely pleased with you.
You were hungry.

You visited 3 branches of the dungeon, and saw 14 of its levels.
You visited the Abyss 1 time.
You also visited: Sewer, Ossuary and Volcano.

You collected 971 gold pieces.
You spent 212 gold pieces at shops.

Inventory:

Hand Weapons
 a - a +3 flail of venom
 y - a +0 morningstar of protection
 C - a +0 flail of crushing
 K - a +4 morningstar of protection (weapon)
Armour
 c - a +1 shield (worn)
 d - a +0 cloak (worn)
 o - a +0 pair of gloves (worn)
 r - a +0 plate armour (worn)
 v - a +1 hat of intelligence (worn)
 L - the +2 pair of boots of the Barracuda (worn) {rPois MP+9 SInv}
   (You acquired it on level 2 of the Lair of Beasts)

   It protects you from poison.
   It affects your magic capacity (+9).
   It lets you see invisible.
Jewellery
 b - a +2 ring of dexterity (left hand)
 i - an amulet of faith (around neck)
 l - an uncursed amulet of guardian spirit
 n - an uncursed amulet of the acrobat
 z - an uncursed ring of fire
 B - an uncursed amulet of magic regeneration
 D - a ring of positive energy (right hand)
 G - an uncursed ring of resist corrosion
Wands
 s - a wand of iceblast (15)
 F - a wand of polymorph (15)
Scrolls
 e - 11 scrolls of teleportation
 h - 7 scrolls of immolation
 t - 5 scrolls of magic mapping
 x - 3 scrolls of blinking
 H - 2 scrolls of remove curse
Potions
 g - 4 potions of flight
 j - a potion of heal wounds
 k - 3 potions of brilliance
 m - 7 potions of curing
 p - 2 potions of might
 q - 3 potions of agility
 u - 4 potions of lignification
 w - a potion of haste
 A - a potion of cancellation {unknown}
 J - a potion of berserk rage {unknown}
 M - a potion of magic {unknown}
Books
 E - a manual of Unarmed Combat
Comestibles
 f - 33 rations
 I - 6 chunks of flesh


   Skills:
 - Level 3.2 Fighting
 - Level 14.3(14.2) Maces & Flails
 * Level 11.3(11.2) Armour
 - Level 15.0(14.9) Shields


You had 12 spell levels left.
You didn't know any spells.
Your spell library contained the following spells:

 Spells                   Type           Power        Failure   Level  Hunger
 Summon Small Mammal      Summ           #...         98%         1    ##.....
 Call Imp                 Summ           #.......     99%         2    ###....
 Call Canine Familiar     Summ           #.......     100%        3    ####...
 Summon Guardian Golem    Hex/Summ       #.......     100%        3    ####...
 Summon Ice Beast         Ice/Summ       #.......     100%        4    #####..
 Summon Lightning Spire   Summ/Air       #.......     100%        4    #####..


Dungeon Overview and Level Annotations

Branches:
Dungeon (10/15)            Temple (1/1) D:7            Lair (3/6) D:9
 Shoals (0/4) Lair:2          Orc (0/2) D:9
  Snake: Lair:2-4    Spider: Lair:2-4

Altars:
Ashenzari
Cheibriados
Dithmenos
Elyvilon
Fedhas
Gozag
Hepliaklqana
Kikubaaqudgha
Makhleb
Nemelex Xobeh
Okawaru
Qazlal
Ru
Sif Muna
Trog
Uskayaw
Vehumet
Wu Jian
Xom
Yredelemnul
Zin
The Shining One

Shops:
D:5 *   D:9 *


Innate Abilities, Weirdness & Mutations

You are resistant to torment.
Your stone body is resilient. (AC +9)
You are immune to poison.
You resist negative energy. (rN+)
You are resistant to electric shocks. (rElec)
You can survive without breathing.
You are immune to petrification.
You are immune to rotting.
You are partially covered in large bone plates. (SH +4)
Your flesh is heat resistant. (rF+)


Message History

The chaos spawn is moderately wounded.
You block the large abomination's attack.
You block the chaos spawn's attack. The eidolon hits you!
The eidolon hits you but does no damage.
You closely miss the chaos spawn.
The chaos spawn is moderately wounded.
You block the large abomination's attack.
You block the chaos spawn's attack. You block the eidolon's attack. x2
The large abomination barely misses you.
The chaos spawn barely misses you.
You puncture the large abomination!
The large abomination is lightly damaged.
You block the eidolon's attack.
The eidolon hits you but does no damage.
The large abomination hits you!
* * * LOW HITPOINT WARNING * * *
You block the chaos spawn's attack.
The eidolon hits you but does no damage.
The eidolon hits you!
You die...

. . .. #. #. #.#
## #.. ##..#.# .
. .§ #.. ..#.# .
... # . ...# ..
.........# .##.
#..# ... ..
###[..#.. . ..
#W@..##. .... .
......4X.#.#...#
. . #........#
...# ..
....#.#### ...
.. #.#### # .#..
# # ...#. . . .
. .#.!. # .# # .
#


You could see an eidolon (invisible), a large abomination and a chaos spawn.

Vanquished Creatures
  Gastronok (Lair:2)
  An ogre mage (Abyss:3)
  Harold (D:8)
  2 hydras
  A centaur warrior (D:10)
  Sonja (D:10)
  An unseen horror (D:10)
  3 wizards (Volcano)
  A flayed ghost (Abyss:3)
  Pikel (D:8)
  The ghost of Paps the Cudgeler, a novice DsBe of Trog (D:6)
  Joseph (D:9)
  2 black mambas
  2 toenail golems (Volcano)
  7 spiny frogs
  2 komodo dragons (Lair:2)
  An ice devil (Abyss:3)
  A merfolk (Lair:2)
  5 polar bears (Lair:1)
  Grinder (D:5)
  Prince Ribbit (Lair:2)
  2 dream sheep (D:8)
  2 raiju (Abyss:3)
  2 blink frogs (Lair:2)
  7 hippogriffs
  Sigmund (D:2)
  A ynoxinul (Abyss:3)
  A wyvern (D:10)
  11 yaks
  Grum (D:10)
  3 basilisks
  2 humans (D:9)
  A large abomination (Abyss:3)
  A chaos spawn (Abyss:3)
  A neqoxec (Abyss:3)
  5 soldier ants (D:8)
  6 porcupines
  7 water moccasins
  2 hell hounds (Lair:3)
  Duvessa (D:5)
  2 black bears
  A sky beast (D:10)
  3 ogres
  8 ice beasts
  6 orc warriors
  4 wolves (D:10)
  5 centaurs
  4 crocodiles
  7 big kobolds
  An elf zombie (Ossuary)
  6 bullfrogs
  A wyvern zombie (D:8)
  Dowan (D:5)
  3 small abominations (Abyss:3)
  2 scorpions (D:7)
  15 killer bees
  4 wights
  2 howler monkeys (D:7)
  3 electric eels
  3 crimson imps
  2 bullfrog zombies (D:10)
  2 centaur zombies
  A quasit (D:7)
  9 orc priests
  A centaur skeleton (D:6)
  A hound (D:4)
  2 jellies
  15 orc wizards
  Crazy Yiuf (D:2)
  A bullfrog skeleton (D:5)
  Ijyb (D:5)
  13 worker ants
  3 iguanas
  2 hound skeletons
  A killer bee simulacrum (D:6)
  2 mummies (Ossuary)
  A worker ant zombie (D:10)
  7 gnolls
  11 adders
  4 river rats (D:4)
  A hound simulacrum (D:6)
  A shadow imp (D:6)
  4 white imps (D:6)
  3 oozes (Sewer)
  3 adder zombies
  A worm (D:2)
  5 dart slugs
  2 leopard geckos (D:9)
  47 orcs
  12 giant cockroaches
  11 goblins
  5 hobgoblins
  4 jackals (D:6)
  4 quokkas
  4 ball pythons
  8 bats
  7 frilled lizards
  3 goblin zombies (Ossuary)
  6 hobgoblin zombies (Ossuary)
  A jackal zombie (Ossuary)
  14 kobolds
  11 kobold zombies (Ossuary)
  2 leopard gecko skeletons
  10 orc zombies (Ossuary)
  A quokka zombie (D:6)
  8 rats
  4 rat zombies
  A butterfly (Lair:2)
  A fungus (D:9)
439 creatures vanquished.

Vanquished Creatures (others)
  A bullfrog skeleton (D:9)
  5 fungi
  3 plants
9 creatures vanquished.

Grand Total: 448 creatures vanquished

Notes
Turn   | Place    | Note
-------+----------+-------------------------------------------
     0 | D:1      | nuthulu the Gargoyle Fighter began the quest for the Orb.
     0 | D:1      | Reached XP level 1. HP: 14/14 MP: 1/1
   189 | D:1      | Reached XP level 2. HP: 18/19 MP: 2/2
   767 | D:2      | Reached skill level 4 in Shields
   767 | D:2      | Reached XP level 3. HP: 13/23 MP: 3/3
  1338 | D:2      | Noticed Sigmund
  1363 | D:2      | Killed Sigmund
  1363 | D:2      | Reached skill level 5 in Shields
  1363 | D:2      | Reached XP level 4. HP: 28/28 MP: 4/4
  1363 | D:2      | Reached XP level 5. HP: 32/32 MP: 5/5
  1656 | D:2      | Found a runed door.
  1703 | D:2      | Noticed Crazy Yiuf
  1711 | D:2      | Killed Crazy Yiuf
  1711 | D:2      | Reached XP level 6. HP: 33/37 MP: 6/6
  2418 | D:3      | Found a snail-covered altar of Cheibriados.
  2502 | D:3      | Found an ancient bone altar of Kikubaaqudgha.
  2776 | D:4      | Found a stormy altar of Qazlal.
  2788 | D:4      | Found a blossoming altar of Fedhas.
  2914 | D:4      | Reached skill level 6 in Shields
  2967 | D:4      | Gained mutation: Your flesh is heat resistant. (rF+)
                  | [potion of mutation]
  2967 | D:4      | Gained mutation: You are partially covered in large bone
                  | plates. (SH +4) [potion of mutation]
  3026 | D:4      | Reached skill level 5 in Maces & Flails
  3057 | D:4      | Found a glowing drain.
  3092 | D:4      | Reached XP level 7. HP: 17/41 MP: 7/7
  3202 | Sewer    | Entered a sewer
  3527 | Sewer    | Reached skill level 7 in Shields
  4137 | D:4      | Reached XP level 8. HP: 28/46 MP: 8/8
  4442 | D:5      | Entered Level 5 of the Dungeon
  4791 | D:5      | Reached skill level 8 in Shields
  5068 | D:5      | Noticed Ijyb
  5076 | D:5      | Killed Ijyb
  5156 | D:5      | Noticed Duvessa
  5156 | D:5      | Noticed Dowan
  5178 | D:5      | Killed Duvessa
  5182 | D:5      | Killed Dowan
  5279 | D:5      | Noticed Grinder
  5279 | D:5      | Paralysed by Grinder for 2 turns
  5305 | D:5      | Killed Grinder
  5305 | D:5      | Reached skill level 9 in Shields
  5487 | D:5      | Found Heugatai's Assorted Antiques.
  5493 | D:5      | Bought a scroll of identify for 56 gold pieces
  5651 | D:6      | Reached XP level 9. HP: 40/51 MP: 9/9
  5678 | D:6      | Found a sand-covered staircase.
  5700 | Ossuary  | Entered an ossuary
  6008 | D:6      | Found a runed gate.
  6008 | D:6      | Found a runed gate.
  6008 | D:6      | Found a runed gate.
  6489 | D:6      | Noticed Paps's ghost (novice DsBe)
  6885 | D:6      | Killed Paps's ghost
  6885 | D:6      | Reached skill level 10 in Shields
  7830 | D:6      | Reached skill level 11 in Shields
  7930 | D:6      | Reached XP level 10. HP: 56/56 MP: 10/10
  7952 | D:7      | Reached skill level 10 in Maces & Flails
  8995 | D:7      | Found a staircase to the Ecumenical Temple.
  9007 | Temple   | Entered the Ecumenical Temple
  9357 | D:8      | Found a white marble altar of Elyvilon.
  9358 | D:8      | Noticed Harold
  9391 | D:8      | Killed Harold
  9391 | D:8      | Reached skill level 12 in Shields
  9798 | D:8      | Found a runed gate.
  9798 | D:8      | Found a runed gate.
  9798 | D:8      | Found a runed gate.
  9820 | D:8      | Found a runed door.
  9820 | D:8      | Found a runed door.
 10114 | D:8      | Reached XP level 11. HP: 56/60 MP: 11/11
 10249 | D:8      | Found the +9 staff of Olgreb {rPois}
 10457 | D:8      | Reached skill level 13 in Shields
 10537 | D:8      | Noticed a three-headed hydra
 10547 | D:8      | Killed a three-headed hydra
 10938 | D:9      | Found a staircase to the Lair.
 11001 | D:9      | Noticed Pikel
 11050 | D:8      | Killed Pikel
 11065 | D:9      | Found a staircase to the Orcish Mines.
 11292 | D:9      | Found Kadar's Assorted Antiques.
 11297 | D:9      | Bought a scroll labeled NETZAY AHOKOEM for 26 gold pieces
 11322 | D:9      | Bought a potion of heal wounds for 130 gold pieces
 11326 | D:9      | Noticed Joseph
 11368 | D:9      | Killed Joseph
 11489 | D:9      | Found an iron altar of Okawaru.
 11522 | D:9      | Became a worshipper of Warmaster Okawaru
 11649 | D:10     | Entered Level 10 of the Dungeon
 11774 | D:10     | Killed an unseen horror
 12005 | D:10     | Noticed a centaur warrior
 12018 | D:10     | Killed a centaur warrior
 12018 | D:10     | Reached * piety under Okawaru
 12018 | D:10     | Reached skill level 14 in Shields
 12376 | D:10     | Reached ** piety under Okawaru
 12565 | D:10     | Reached XP level 12. HP: 33/64 MP: 12/12
 12664 | D:10     | Noticed Sonja
 12686 | D:10     | Killed Sonja
 13188 | D:10     | Noticed Grum
 13267 | D:10     | Killed Grum
 13267 | D:10     | Reached *** piety under Okawaru
 13923 | Lair:1   | Entered Level 1 of the Lair of Beasts
 14508 | Lair:1   | Reached skill level 15 in Shields
 14516 | Lair:1   | Reached **** piety under Okawaru
 15346 | Lair:2   | Reached ***** piety under Okawaru
 15346 | Lair:2   | Reached skill level 5 in Armour
 15361 | Lair:2   | Noticed Prince Ribbit
 15374 | Lair:2   | Killed Prince Ribbit
 15843 | Lair:2   | Noticed a four-headed hydra
 15844 | Lair:2   | Noticed a seven-headed hydra
 15981 | Lair:2   | Noticed Gastronok
 15996 | Lair:2   | Killed Gastronok
 15996 | Lair:2   | Received a gift from Okawaru
 16011 | Lair:2   | Reached XP level 13. HP: 41/68 MP: 13/13
 16306 | Lair:2   | Identified a scroll of acquirement
 16309 | Lair:2   | Got a pair of encrusted boots
 16320 | Lair:2   | Identified the +2 pair of boots of the Barracuda {rPois
                  | MP+9 SInv} (You acquired it on level 2 of the Lair of
                  | Beasts)
 16429 | Lair:2   | Found a staircase to the Shoals.
 17124 | Lair:3   | Found a dark tunnel.
 17147 | Volcano  | Entered a volcano
 17208 | Volcano  | Reached skill level 10 in Armour
 17270 | Volcano  | Cast into level 3 of the Abyss (a wizard)
 17320 | Abyss:3  | Found a corrupted altar of Lugonu.
 17339 | Abyss:3  | Received a gift from Okawaru
 17401 | Abyss:3  | Noticed a starcursed mass
 17409 | Abyss:3  | Paralysed by accursed screaming for 1 turns
 17525 | Abyss:3  | Noticed an ogre mage
 17542 | Abyss:3  | Killed an ogre mage
 17544 | Abyss:3  | Noticed an eidolon
 17570 | Abyss:3  | Slain by an eidolon

Skill      XL: |  1  2  3  4  5  6  7  8  9 10 11 12 13 |
---------------+----------------------------------------+-----
Shields        | 4 5 6 7 9 11 12 14 15 | 15.0
Maces & Flails | 4 5 6 8 9 11 13 14 | 14.3
Armour         | 7 11 | 11.3
Fighting       | |  3.2

Action                   |  1- 3 |  4- 6 |  7- 9 | 10-12 | 13-15 || total
-------------------------+-------+-------+-------+-------+-------++-------
Melee: Flail             |    85 |   111 |   447 |   515 |       ||  1158
       Morningstar       |       |       |   121 |   719 |   261 ||  1101
Invok: Heroism           |       |       |       |     1 |     1 ||     2
  Use: Scroll            |     8 |     3 |     5 |    10 |     3 ||    29
       Potion            |     1 |     2 |     6 |     1 |     1 ||    11
  Eat: Chunk             |     1 |     6 |    10 |    12 |     3 ||    32
       Ration            |       |       |     2 |     5 |       ||     7
Armor: Scale mail        |    58 |    78 |   142 |       |       ||   278
       Plate armour      |       |       |   135 |   584 |    93 ||   812
Dodge: Dodged            |    28 |    50 |   119 |   203 |    43 ||   443
Block: Shield            |    49 |    93 |   518 |  1136 |   160 ||  1956
